WCHLSIM.com - West Coast Hockey League
html PUBLIC "-//W3C//DTD XHTML 1.0 Transitional//EN" "http://www.w3.org/TR/xhtml1/DTD/xhtml1-transitional.dtd"> WCHL - Game 39 - COLORADO GLACIERCATS vs SPOKANE KNIGHTS

COLORADO GLACIERCATS vs SPOKANE KNIGHTS

Created - 18 novembre 2020 at 22:00

Goals
1 2 3 T
COLORADO GLACIERCATS 4 0 0 4
SPOKANE KNIGHTS 0 0 0 0
Shots
1 2 3 T
COLORADO GLACIERCATS 12 9 12 33
SPOKANE KNIGHTS 7 3 13 23

1st period

1. COLORADO GLACIERCATS , Lars Eller 2 (Alex Iafallo 3, Brayden Schenn 4) at 0:37
2. COLORADO GLACIERCATS , Ryan Ellis 2 (Tomas Hertl 3, Alex Iafallo 4) at 5:44 (PP)
3. COLORADO GLACIERCATS , Nathan Beaulieu 1 (Joel Edmundson 1, Leon Draisaitl 3) at 9:17
4. COLORADO GLACIERCATS , Jordan Martinook 1 (Ryan Ellis 3, Sam Gagner 1) at 15:21

Penalties :
Dan Hamhuis (SPO) for High sticking (Minor) at 5:24, Dan Hamhuis (SPO) for Roughing (Minor) at 12:57

2nd period

No Goal

Penalties :
Gabriel Bourque (SPO) for High sticking (Minor) at 13:06, Luke Glendening (COL) for Delaying the game (Minor) at 13:06

3rd period

No Goal

Penalties :
Lars Eller (COL) for Tripping (Minor) at 1:49, Ilya Lyubushkin (COL) for Cross-checking (Minor) at 4:15

Goalie Stats

Darcy Kuemper (COL), 23 saves from 23 shots - (1,000), W, 3-0-0, 60:00 minutes
Mike Smith (SPO), 6 saves from 10 shots - (0,600), L, 0-2-0, 15:21 minutes
Matthew Murray (SPO), 23 saves from 23 shots - (1,000), 44:39 minutes

Players Stats for COLORADO GLACIERCATS

Player Name              G  A  P  +/- PIM S  H  SB GA TA FO     MP     PP MP  PK MP  
------------------------------------------------------------------------------------
Alex Iafallo             0  2  2   1  0   0  0  0  0  0  0/2    19:37   1:08   0:00 
Brayden Schenn           0  1  1   1  0   1  1  0  0  0  0/0    19:40   1:11   0:00 
Devon Toews              0  0  0   0  0   0  0  0  0  0  0/0    24:47   1:31   1:53 
Dustin Brown             0  0  0   0  0   2  0  0  0  0  0/0    10:45   1:11   0:00 
Ilya Lyubushkin          0  0  0   1  2   0  5  1  0  0  0/0    14:49   0:00   0:00 
Joel Edmundson           0  1  1   2  0   1  2  2  0  0  0/0    20:23   0:48   2:05 
Joonas Donskoi           0  0  0   0  0   2  0  0  0  0  0/0    11:47   0:00   2:13 
Jordan Martinook         1  0  1   1  0   1  0  0  0  0  0/0     4:20   0:00   0:00 
Lars Eller               1  0  1   1  2   5  0  1  0  0  15/23  20:47   0:15   0:51 
Leon Draisaitl           0  1  1   1  0   8  0  0  0  0  3/5    22:36   1:08   0:54 
Luke Glendening          0  0  0   0  2   2  0  1  0  0  13/18  11:18   0:00   1:45 
Nathan Beaulieu          1  0  1   2  0   2  2  1  0  0  0/0    18:14   0:00   1:53 
Phillip Danault          0  0  0   1  0   1  3  0  0  0  18/29  23:16   0:56   2:13 
Ryan Ellis               1  1  2   1  0   2  0  3  0  0  0/0    25:08   1:31   2:05 
Sam Gagner               0  1  1   1  0   1  0  0  0  0  2/5     4:20   0:00   0:00 
Tomas Hertl              0  1  1   1  0   4  0  0  0  0  1/1    21:15   1:08   0:00 
Zach Aston-Reese         0  0  0   1  0   0  0  0  0  0  0/0     4:20   0:00   0:00 
Zach Bogosian            0  0  0   0  0   1  0  1  0  0  0/0    16:38   0:48   0:00 

Players Stats for SPOKANE KNIGHTS

Player Name              G  A  P  +/- PIM S  H  SB GA TA FO     MP     PP MP  PK MP  
------------------------------------------------------------------------------------
Blake Wheeler            0  0  0  -1  0   4  3  0  0  0  0/2    19:37   1:23   1:11 
Brent Seabrook           0  0  0   0  0   0  3  1  0  0  0/0    17:26   1:23   1:19 
Cale Makar               0  0  0  -1  0   0  0  0  0  0  0/0    19:45   1:23   0:06 
Dan Hamhuis              0  0  0   0  4   0  2  3  0  0  0/0    14:42   0:00   0:00 
Gabriel Bourque          0  0  0   0  2   0  0  0  0  0  0/0     3:30   0:00   0:00 
Gaetan Haas              0  0  0   0  0   0  0  0  0  0  0/0     1:11   0:00   1:11 
Garnet Hathaway          0  0  0   0  0   1  3  1  0  0  0/2    12:27   0:00   0:00 
Kristopher Letang        0  0  0  -2  0   0  3  4  0  0  0/0    24:12   2:35   0:54 
Lias Andersson           0  0  0   0  0   0  0  0  0  0  0/0     3:31   0:00   0:00 
Matthew Tkachuk          0  0  0  -2  0   2  3  0  0  0  1/2    22:12   2:35   0:00 
Nick Foligno             0  0  0   0  0   1  1  0  0  0  4/17   17:06   0:00   1:08 
Patrice Bergeron         0  0  0  -1  0   3  0  0  0  0  12/25  19:34   1:23   1:08 
Patrick Kane             0  0  0  -2  0   5  0  0  0  0  0/0    23:17   2:35   0:00 
Roman Polak              0  0  0  -1  0   2  1  5  0  0  0/0    19:41   0:00   1:25 
Sebastian Aho            0  0  0  -2  0   4  0  0  0  0  13/34  23:17   2:35   0:00 
Tyler Pitlick            0  0  0   0  0   0  0  0  0  0  0/0    12:27   0:00   0:00 
Valeri Nichushkin        0  0  0  -1  0   0  2  0  0  0  1/1    17:32   1:23   0:00 
Victor Hedman            0  0  0  -2  0   1  0  2  0  0  0/0    24:12   2:35   0:54 

3 Stars

1 - Darcy Kuemper (COL)
2 - Ryan Ellis (COL)
3 - Nathan Beaulieu (COL)

Power Play

COLORADO GLACIERCATS - 1 on 2 Attempt(s) - 50,00%
SPOKANE KNIGHTS - 0 on 2 Attempt(s) - 0,00%

Penalty Kill

COLORADO GLACIERCATS - 2 on 2 Attempt(s) - 100,00% - Score 0 goal in Penalty Kill
SPOKANE KNIGHTS - 1 on 2 Attempt(s) - 50,00% - Score 0 goal in Penalty Kill

Team Stat

COLORADO GLACIERCATS - Hits : 13 - Faceoff Wins : 52 - Blocked Shots : 10 - Penalty Minutes : 6
SPOKANE KNIGHTS - Hits : 21 - Faceoff Wins : 31 - Blocked Shots : 16 - Penalty Minutes : 6

Official

Referees : Mitch Dunning and Adam Bloski
Linesman : Jake Davis and Brent Hooks

Game Notes

Matthew Murray enters game at 15:21 of 1st period

Finance

Level 1 -- Attendance: 7698 (92,19%) -- Ticket Income 977 646 $
Level 2 -- Attendance: 6100 (100,00%) -- Ticket Income 524 600 $
Level 3 -- Attendance: 2400 (100,00%) -- Ticket Income 144 000 $
Level 4 -- Attendance: 6000 (100,00%) -- Ticket Income 234 000 $
Luxury Box -- Attendance: 1150 (100,00%) -- Ticket Income 293 250 $
Total Attendance: 23348 (97,28%)
Total Ticket Income: 2 173 496 $
Other Income: 760 724 $
Total Income: 2 934 220 $

COLORADO GLACIERCATS

5 vs 5 Forward 
   Center                   Left Wing                Right Wing               Time % Phy DF OF 
 1 Phillip Danault          Tomas Hertl              Leon Draisaitl           37     0   2  3  
 2 Lars Eller               Alex Iafallo             Brayden Schenn           36     0   2  3  
 3 Luke Glendening          Joonas Donskoi           Dustin Brown             20     0   3  2  
 4 Sam Gagner               Jordan Martinook         Zach Aston-Reese         7      1   3  1  

5 vs 5 Defense 
   Defense                  Defense                                           Time % Phy DF OF 
 1 Ryan Ellis               Devon Toews                                       40     0   3  2  
 2 Joel Edmundson           Nathan Beaulieu                                   35     0   4  1  
 3 Ilya Lyubushkin          Zach Bogosian                                     25     1   4  0  
 4 Ryan Ellis               Joel Edmundson                                    0      1   2  2  

PowerPlay Forward 
   Center                   Left Wing                Right Wing               Time % Phy DF OF 
 1 Tomas Hertl              Alex Iafallo             Leon Draisaitl           50     0   1  4  
 2 Phillip Danault          Brayden Schenn           Dustin Brown             50     0   1  4  

PowerPlay Defense
   Defense                  Defense                                           Time % Phy DF OF 
 1 Ryan Ellis               Devon Toews                                       50     0   1  4  
 2 Joel Edmundson           Zach Bogosian                                     50     0   2  3  

Penalty Kill 4 Players Forward 
   Center                   Wing                     Time % Phy DF OF 
 1 Phillip Danault          Joonas Donskoi           50     0   4  1  
 2 Lars Eller               Luke Glendening          50     0   4  1  

Penalty Kill 4 Players Defense
   Defense                  Defense                  Time % Phy DF OF 
 1 Ryan Ellis               Joel Edmundson           50     1   4  0  
 2 Devon Toews              Nathan Beaulieu          50     1   4  0  

Penalty Kill - 3 Players Forward 
   Forward                                           Time % Phy DF OF 
 1 Phillip Danault                                   50     0   5  0  
 2 Lars Eller                                        50     0   5  0  

Penalty Kill - 3 Players Defense
   Defense                  Defense                  Time % Phy DF OF 
 1 Ryan Ellis               Joel Edmundson           50     0   5  0  
 2 Nathan Beaulieu          Zach Bogosian            50     0   5  0  

4 vs 4 Forward 
   Center                   Wing                     Time % Phy DF OF 
 1 Lars Eller               Leon Draisaitl           50     0   1  4  
 2 Phillip Danault          Tomas Hertl              50     0   1  4  

4 vs 4 Defense
   Defense                  Defense                  Time % Phy DF OF 
 1 Joel Edmundson           Ryan Ellis               50     0   3  2  
 2 Zach Bogosian            Devon Toews              50     0   3  2  

Last Minutes Offensive
   Center                   Left Wing                Right Wing               Defense                  Defense                  
   Tomas Hertl              Brayden Schenn           Leon Draisaitl           Ryan Ellis               Devon Toews              

Last Minutes Defensive
   Center                   Left Wing                Right Wing               Defense                  Defense                  
   Lars Eller               Leon Draisaitl           Luke Glendening          Ryan Ellis               Joel Edmundson           

Goaltenders
Starting : Darcy Kuemper            
Backup : David Rittich            

Extra Forwards
Normal : Leon Draisaitl, Tomas Hertl, Lars Eller - PP : Lars Eller, Joonas Donskoi - PK : Leon Draisaitl
Extra Defensemen
Normal : Joel Edmundson, Ryan Ellis, Zach Bogosian - PP : Nathan Beaulieu - PK : Zach Bogosian, Ilya Lyubushkin
Penalty Shots
Leon Draisaitl, Brayden Schenn, Tomas Hertl, Phillip Danault, Alex Iafallo
Custom OT Lines Forwards
Leon Draisaitl, Phillip Danault, Tomas Hertl, Brayden Schenn, Lars Eller, Alex Iafallo, Joonas Donskoi, Dustin Brown, Luke Glendening, Sam Gagner
Custom OT Lines Defensemen
Joel Edmundson, Ryan Ellis, Devon Toews, Nathan Beaulieu, Zach Bogosian

Scratches
None

SPOKANE KNIGHTS

5 vs 5 Forward 
   Center                   Left Wing                Right Wing               Time % Phy DF OF 
 1 Sebastian Aho            Matthew Tkachuk          Patrick Kane             38     0   1  4  
 2 Patrice Bergeron         Valeri Nichushkin        Blake Wheeler            30     0   1  4  
 3 Nick Foligno             Garnet Hathaway          Tyler Pitlick            23     1   2  2  
 4 Nick Foligno             Lias Andersson           Gabriel Bourque          9      1   2  2  

5 vs 5 Defense 
   Defense                  Defense                                           Time % Phy DF OF 
 1 Victor Hedman            Kristopher Letang                                 37     1   2  2  
 2 Cale Makar               Roman Polak                                       33     1   3  1  
 3 Brent Seabrook           Dan Hamhuis                                       20     1   3  1  
 4 Brent Seabrook           Dan Hamhuis                                       10     1   3  1  

PowerPlay Forward 
   Center                   Left Wing                Right Wing               Time % Phy DF OF 
 1 Sebastian Aho            Matthew Tkachuk          Patrick Kane             55     1   1  3  
 2 Patrice Bergeron         Valeri Nichushkin        Blake Wheeler            45     1   1  3  

PowerPlay Defense
   Defense                  Defense                                           Time % Phy DF OF 
 1 Kristopher Letang        Victor Hedman                                     50     0   1  4  
 2 Cale Makar               Brent Seabrook                                    50     0   1  4  

Penalty Kill 4 Players Forward 
   Center                   Wing                     Time % Phy DF OF 
 1 Patrice Bergeron         Nick Foligno             55     1   3  1  
 2 Blake Wheeler            Gaetan Haas              45     1   3  1  

Penalty Kill 4 Players Defense
   Defense                  Defense                  Time % Phy DF OF 
 1 Kristopher Letang        Victor Hedman            50     1   3  1  
 2 Roman Polak              Dan Hamhuis              50     1   3  1  

Penalty Kill - 3 Players Forward 
   Forward                                           Time % Phy DF OF 
 1 Patrice Bergeron                                  60     0   5  0  
 2 Blake Wheeler                                     40     0   5  0  

Penalty Kill - 3 Players Defense
   Defense                  Defense                  Time % Phy DF OF 
 1 Kristopher Letang        Victor Hedman            60     0   5  0  
 2 Roman Polak              Dan Hamhuis              40     0   5  0  

4 vs 4 Forward 
   Center                   Wing                     Time % Phy DF OF 
 1 Patrice Bergeron         Blake Wheeler            50     1   2  2  
 2 Sebastian Aho            Patrick Kane             50     1   2  2  

4 vs 4 Defense
   Defense                  Defense                  Time % Phy DF OF 
 1 Kristopher Letang        Victor Hedman            60     1   2  2  
 2 Cale Makar               Roman Polak              40     1   2  2  

Last Minutes Offensive
   Center                   Left Wing                Right Wing               Defense                  Defense                  
   Patrice Bergeron         Patrick Kane             Blake Wheeler            Kristopher Letang        Victor Hedman            

Last Minutes Defensive
   Center                   Left Wing                Right Wing               Defense                  Defense                  
   Patrice Bergeron         Nick Foligno             Blake Wheeler            Kristopher Letang        Victor Hedman            

Goaltenders
Starting : Mike Smith               
Backup : Matthew Murray           

Extra Forwards
Normal : Gaetan Haas, Tyler Pitlick, Garnet Hathaway - PP : Patrick Kane, Tyler Pitlick - PK : Tyler Pitlick
Extra Defensemen
Normal : Brent Seabrook, Dan Hamhuis, Cale Makar - PP : Cale Makar - PK : Brent Seabrook, Cale Makar
Penalty Shots
Matthew Tkachuk, Patrick Kane, Sebastian Aho, Patrice Bergeron, Blake Wheeler
Custom OT Lines Forwards
Patrice Bergeron, Blake Wheeler, Sebastian Aho, Patrick Kane, Nick Foligno, Matthew Tkachuk, Valeri Nichushkin, Tyler Pitlick, Gaetan Haas, Garnet Hathaway
Custom OT Lines Defensemen
Victor Hedman, Kristopher Letang, Cale Makar, Roman Polak, Brent Seabrook

Scratches
None


% Time on Ice - COLORADO GLACIERCATS

Lines # - Real PCT - Wanted PCT - Time Play
Normal Forward
1 - 37% - 37% - 19:21
2 - 36% - 36% - 18:29
3 - 18% - 20% - 9:34
4 - 8% - 7% - 4:20
Normal Defense
1 - 39% - 40% - 19:58
2 - 32% - 35% - 16:21
3 - 29% - 25% - 14:50
4 - 1% - 0% - 0:35
PP Forward
1 - 49% - 50% - 1:08
2 - 51% - 50% - 1:11
PP Defense
1 - 65% - 50% - 1:31
2 - 35% - 50% - 0:48
PK Forward
1 - 56% - 50% - 2:13
2 - 44% - 50% - 1:45
PK Defense
1 - 53% - 50% - 2:05
2 - 47% - 50% - 1:53
PK3 Forward
1 - 0% - 50%
2 - 0% - 50%
PK3 Defense
1 - 0% - 50%
2 - 0% - 50%
44 Forward
1 - 61% - 50% - 1:13
2 - 39% - 50% - 0:46
44 Defense
1 - 29% - 50% - 0:34
2 - 71% - 50% - 1:25
Last Minute Offensive  - 0:00
Last Minute Defensive  - 0:00
Total
Forward - 60:00
Defense - 60:00

% Time on Ice - SPOKANE KNIGHTS

Lines # - Real PCT - Wanted PCT - Time Play
Normal Forward
1 - 38% - 38% - 19:37
2 - 31% - 30% - 16:09
3 - 24% - 23% - 12:27
4 - 7% - 9% - 3:31
Normal Defense
1 - 38% - 37% - 19:31
2 - 34% - 33% - 17:29
3 - 20% - 20% - 10:23
4 - 8% - 10% - 4:21
PP Forward
1 - 65% - 55% - 2:35
2 - 35% - 45% - 1:23
PP Defense
1 - 65% - 50% - 2:35
2 - 35% - 50% - 1:23
PK Forward
1 - 49% - 55% - 1:08
2 - 51% - 45% - 1:11
PK Defense
1 - 39% - 50% - 0:54
2 - 61% - 50% - 1:25
PK3 Forward
1 - 0% - 60%
2 - 0% - 40%
PK3 Defense
1 - 0% - 60%
2 - 0% - 40%
44 Forward
1 - 45% - 50% - 0:54
2 - 55% - 50% - 1:05
44 Defense
1 - 61% - 60% - 1:12
2 - 39% - 40% - 0:47
Last Minute Offensive  - 0:00
Last Minute Defensive  - 0:00
Total
Forward - 60:00
Defense - 60:00

Play-by-Play

1st period


0:01 of 1st period - Phillip Danault wins face-off versus Sebastian Aho in neutral zone.
0:04 of 1st period - Shot by Tomas Hertl.
0:04 of 1st period - Shot Misses the Net.
0:24 of 1st period - Shot by Patrick Kane.
0:24 of 1st period - Stopped by Darcy Kuemper without a rebound.
0:25 of 1st period - Lars Eller wins face-off versus Patrice Bergeron in COLORADO GLACIERCATS zone.
0:25 of 1st period - Lars Eller is hit by Blake Wheeler.
0:37 of 1st period - Shot by Lars Eller.
0:37 of 1st period - Goal by Lars Eller - COLORADO GLACIERCATS : 1 - SPOKANE KNIGHTS : 0.
0:38 of 1st period - Luke Glendening wins face-off versus Nick Foligno in neutral zone.
0:38 of 1st period - Joonas Donskoi is hit by Garnet Hathaway and loses puck.
0:46 of 1st period - Joonas Donskoi is hit by Dan Hamhuis and loses puck.
1:03 of 1st period - Joonas Donskoi is hit by Garnet Hathaway and loses puck.
1:10 of 1st period - Shot by Joonas Donskoi.
1:10 of 1st period - Shot Blocked by Dan Hamhuis.
1:16 of 1st period - Shot by Dustin Brown.
1:16 of 1st period - Stopped by Mike Smith without a rebound.
1:17 of 1st period - Patrice Bergeron wins face-off versus Lars Eller in SPOKANE KNIGHTS zone.
1:24 of 1st period - Patrice Bergeron is hit by Brayden Schenn and loses puck.
1:37 of 1st period - Shot by Lars Eller.
1:37 of 1st period - Shot Blocked by Roman Polak.
2:39 of 1st period - Shot by Leon Draisaitl.
2:39 of 1st period - Deflect By Tomas Hertl.
2:39 of 1st period - Shot Misses the Net.
4:04 of 1st period - Shot by Patrice Bergeron.
4:04 of 1st period - Stopped by Darcy Kuemper with a rebound.
4:24 of 1st period - Shot by Patrice Bergeron.
4:24 of 1st period - Deflect By Blake Wheeler.
4:24 of 1st period - Stopped by Darcy Kuemper without a rebound.
4:25 of 1st period - Sebastian Aho wins face-off versus Lars Eller in COLORADO GLACIERCATS zone.
4:25 of 1st period - Victor Hedman is hit by Joel Edmundson and loses puck.
4:33 of 1st period - Icing by Joel Edmundson.
4:34 of 1st period - Lars Eller wins face-off versus Sebastian Aho in COLORADO GLACIERCATS zone.
4:34 of 1st period - Lars Eller is hit by Matthew Tkachuk.
5:04 of 1st period - Shot by Alex Iafallo.
5:04 of 1st period - Shot Blocked by Kristopher Letang.
5:09 of 1st period - Off-side.
5:10 of 1st period - Luke Glendening wins face-off versus Nick Foligno in neutral zone.
5:24 of 1st period - Minor Penalty to Dan Hamhuis for High sticking.
5:25 of 1st period - Tomas Hertl wins face-off versus Patrice Bergeron in SPOKANE KNIGHTS zone.
5:36 of 1st period - Shot by Alex Iafallo.
5:36 of 1st period - Shot Misses the Net.
5:38 of 1st period - Shot by Ryan Ellis.
5:38 of 1st period - Shot Misses the Net.
5:40 of 1st period - Shot by Tomas Hertl.
5:40 of 1st period - Shot Misses the Net.
5:42 of 1st period - Shot by Ryan Ellis.
5:42 of 1st period - Shot Misses the Net.
5:44 of 1st period - Shot by Ryan Ellis.
5:44 of 1st period - Goal by Ryan Ellis - COLORADO GLACIERCATS : 2 - SPOKANE KNIGHTS : 0.
5:45 of 1st period - Luke Glendening wins face-off versus Sebastian Aho in neutral zone.
5:54 of 1st period - Shot by Patrick Kane.
5:54 of 1st period - Stopped by Darcy Kuemper without a rebound.
5:55 of 1st period - Phillip Danault wins face-off versus Nick Foligno in COLORADO GLACIERCATS zone.
6:38 of 1st period - Icing by Roman Polak.
6:39 of 1st period - Lars Eller wins face-off versus Nick Foligno in SPOKANE KNIGHTS zone.
7:02 of 1st period - Shot by Brayden Schenn.
7:02 of 1st period - Stopped by Mike Smith without a rebound.
7:03 of 1st period - Luke Glendening wins face-off versus Patrice Bergeron in SPOKANE KNIGHTS zone.
7:16 of 1st period - Shot by Luke Glendening.
7:16 of 1st period - Stopped by Mike Smith with a rebound.
7:27 of 1st period - Blake Wheeler is hit by Ilya Lyubushkin and loses puck.
7:36 of 1st period - Luke Glendening is hit by Blake Wheeler and loses puck.
8:20 of 1st period - Shot by Lars Eller.
8:20 of 1st period - Shot Misses the Net.
8:59 of 1st period - Shot by Patrick Kane.
8:59 of 1st period - Shot Misses the Net.
9:07 of 1st period - Shot by Leon Draisaitl.
9:07 of 1st period - Shot Blocked by Victor Hedman.
9:13 of 1st period - Shot by Leon Draisaitl.
9:13 of 1st period - Stopped by Mike Smith with a rebound.
9:15 of 1st period - Shot by Joel Edmundson.
9:15 of 1st period - Shot Blocked by Kristopher Letang.
9:17 of 1st period - Shot by Nathan Beaulieu.
9:17 of 1st period - Goal by Nathan Beaulieu - COLORADO GLACIERCATS : 3 - SPOKANE KNIGHTS : 0.
9:18 of 1st period - Luke Glendening wins face-off versus Nick Foligno in neutral zone.
9:35 of 1st period - Shot by Dustin Brown.
9:35 of 1st period - Stopped by Mike Smith without a rebound.
9:36 of 1st period - Nick Foligno wins face-off versus Phillip Danault in SPOKANE KNIGHTS zone.
9:55 of 1st period - Icing by Nick Foligno.
9:56 of 1st period - Lars Eller wins face-off versus Nick Foligno in SPOKANE KNIGHTS zone.
11:12 of 1st period - Shot by Sebastian Aho.
11:12 of 1st period - Stopped by Darcy Kuemper without a rebound.
11:13 of 1st period - Phillip Danault wins face-off versus Patrice Bergeron in COLORADO GLACIERCATS zone.
11:48 of 1st period - Shot by Leon Draisaitl.
11:48 of 1st period - Deflect By Phillip Danault.
11:48 of 1st period - Shot Blocked by Roman Polak.
11:50 of 1st period - Shot by Phillip Danault.
11:50 of 1st period - Shot Blocked by Roman Polak.
12:42 of 1st period - Shot by Luke Glendening.
12:42 of 1st period - Deflect By Joonas Donskoi.
12:42 of 1st period - Stopped by Mike Smith with a rebound.
12:57 of 1st period - Minor Penalty to Dan Hamhuis for Roughing.
12:58 of 1st period - Patrice Bergeron wins face-off versus Phillip Danault in SPOKANE KNIGHTS zone.
13:41 of 1st period - Icing by Phillip Danault.
13:42 of 1st period - Patrice Bergeron wins face-off versus Phillip Danault in COLORADO GLACIERCATS zone.
15:21 of 1st period - Shot by Jordan Martinook.
15:21 of 1st period - Goal by Jordan Martinook - COLORADO GLACIERCATS : 4 - SPOKANE KNIGHTS : 0.
15:21 of 1st period - Matthew Murray enters game.
15:22 of 1st period - Lars Eller wins face-off versus Garnet Hathaway in neutral zone.
15:28 of 1st period - Lars Eller is hit by Kristopher Letang and loses puck.
15:33 of 1st period - Shot by Lars Eller.
15:33 of 1st period - Shot Misses the Net.
15:35 of 1st period - Shot by Lars Eller.
15:35 of 1st period - Shot Blocked by Victor Hedman.
15:37 of 1st period - Shot by Joel Edmundson.
15:37 of 1st period - Stopped by Matthew Murray with a rebound.
15:39 of 1st period - Shot by Joel Edmundson.
15:39 of 1st period - Shot Blocked by Garnet Hathaway.
15:41 of 1st period - Shot by Lars Eller.
15:41 of 1st period - Shot Misses the Net.
15:43 of 1st period - Shot by Lars Eller.
15:43 of 1st period - Shot Misses the Net.
16:29 of 1st period - Off-side.
16:30 of 1st period - Luke Glendening wins face-off versus Patrice Bergeron in neutral zone.
16:38 of 1st period - Shot by Blake Wheeler.
16:38 of 1st period - Shot Misses the Net.
16:40 of 1st period - Shot by Roman Polak.
16:40 of 1st period - Stopped by Darcy Kuemper without a rebound.
16:41 of 1st period - Sam Gagner wins face-off versus Sebastian Aho in COLORADO GLACIERCATS zone.
16:49 of 1st period - Icing by Dan Hamhuis.
16:50 of 1st period - Phillip Danault wins face-off versus Sebastian Aho in SPOKANE KNIGHTS zone.
17:22 of 1st period - Icing by Dan Hamhuis.
17:23 of 1st period - Matthew Tkachuk wins face-off versus Alex Iafallo in SPOKANE KNIGHTS zone.
17:57 of 1st period - Shot by Blake Wheeler.
17:57 of 1st period - Shot Misses the Net.
18:26 of 1st period - Tomas Hertl is hit by Roman Polak and loses puck.
18:47 of 1st period - Shot by Leon Draisaitl.
18:47 of 1st period - Shot Misses the Net.
18:55 of 1st period - Shot by Leon Draisaitl.
18:55 of 1st period - Stopped by Matthew Murray without a rebound.
18:56 of 1st period - Luke Glendening wins face-off versus Sebastian Aho in SPOKANE KNIGHTS zone.
18:56 of 1st period - Luke Glendening is hit by Kristopher Letang.
18:58 of 1st period - Shot by Joonas Donskoi.
18:58 of 1st period - Shot Misses the Net.
19:05 of 1st period - Victor Hedman is hit by Ilya Lyubushkin and loses puck.
19:10 of 1st period - Shot by Patrick Kane.
19:10 of 1st period - Shot Blocked by Luke Glendening.
19:20 of 1st period - Shot by Sebastian Aho.
19:20 of 1st period - Stopped by Darcy Kuemper without a rebound.
19:21 of 1st period - Lars Eller wins face-off versus Nick Foligno in COLORADO GLACIERCATS zone.
19:21 of 1st period - Lars Eller is hit by Garnet Hathaway.
Goals for this period are 4 for COLORADO GLACIERCATS vs 0 for SPOKANE KNIGHTS.
Shots for this period are 12 for COLORADO GLACIERCATS vs 7 for SPOKANE KNIGHTS.

2nd period


0:01 of 2nd period - Sebastian Aho wins face-off versus Phillip Danault in neutral zone.
0:06 of 2nd period - Shot by Patrick Kane.
0:06 of 2nd period - Deflect By Matthew Tkachuk.
0:06 of 2nd period - Shot Misses the Net.
0:30 of 2nd period - Shot by Patrick Kane.
0:30 of 2nd period - Shot Misses the Net.
0:33 of 2nd period - Icing by Leon Draisaitl.
0:34 of 2nd period - Phillip Danault wins face-off versus Nick Foligno in COLORADO GLACIERCATS zone.
0:49 of 2nd period - Nick Foligno is hit by Phillip Danault.
1:17 of 2nd period - Roman Polak is hit by Phillip Danault and loses puck.
1:37 of 2nd period - Off-side.
1:38 of 2nd period - Luke Glendening wins face-off versus Sebastian Aho in neutral zone.
1:40 of 2nd period - Off-side.
1:41 of 2nd period - Luke Glendening wins face-off versus Sebastian Aho in neutral zone.
2:06 of 2nd period - Shot by Patrick Kane.
2:06 of 2nd period - Stopped by Darcy Kuemper without a rebound.
2:07 of 2nd period - Lars Eller wins face-off versus Patrice Bergeron in COLORADO GLACIERCATS zone.
2:07 of 2nd period - Lars Eller is hit by Valeri Nichushkin.
2:12 of 2nd period - Off-side.
2:13 of 2nd period - Lars Eller wins face-off versus Blake Wheeler in neutral zone.
2:42 of 2nd period - Shot by Patrice Bergeron.
2:42 of 2nd period - Shot Misses the Net.
2:52 of 2nd period - Shot by Valeri Nichushkin.
2:52 of 2nd period - Shot Misses the Net.
2:54 of 2nd period - Shot by Patrice Bergeron.
2:54 of 2nd period - Shot Misses the Net.
3:01 of 2nd period - Lars Eller is hit by Brent Seabrook and loses puck.
3:05 of 2nd period - Icing by Dan Hamhuis.
3:06 of 2nd period - Phillip Danault wins face-off versus Blake Wheeler in SPOKANE KNIGHTS zone.
4:38 of 2nd period - Nick Foligno is hit by Joel Edmundson and loses puck.
5:00 of 2nd period - Nick Foligno is hit by Nathan Beaulieu and loses puck.
5:31 of 2nd period - Off-side.
5:32 of 2nd period - Sam Gagner wins face-off versus Sebastian Aho in neutral zone.
6:41 of 2nd period - Shot by Lars Eller.
6:41 of 2nd period - Shot Misses the Net.
6:46 of 2nd period - Icing by Roman Polak.
6:47 of 2nd period - Phillip Danault wins face-off versus Nick Foligno in SPOKANE KNIGHTS zone.
8:05 of 2nd period - Shot by Patrice Bergeron.
8:05 of 2nd period - Stopped by Darcy Kuemper without a rebound.
8:06 of 2nd period - Luke Glendening wins face-off versus Sebastian Aho in COLORADO GLACIERCATS zone.
8:29 of 2nd period - Luke Glendening is hit by Brent Seabrook.
8:31 of 2nd period - Shot by Dustin Brown.
8:31 of 2nd period - Shot Blocked by Dan Hamhuis.
9:37 of 2nd period - Shot by Lars Eller.
9:37 of 2nd period - Shot Misses the Net.
9:49 of 2nd period - Shot by Phillip Danault.
9:49 of 2nd period - Shot Misses the Net.
10:05 of 2nd period - Shot by Tomas Hertl.
10:05 of 2nd period - Stopped by Matthew Murray with a rebound.
10:19 of 2nd period - Shot by Tomas Hertl.
10:19 of 2nd period - Shot Misses the Net.
10:51 of 2nd period - Patrice Bergeron is hit by Nathan Beaulieu and loses puck.
11:07 of 2nd period - Off-side.
11:08 of 2nd period - Lars Eller wins face-off versus Sebastian Aho in neutral zone.
11:08 of 2nd period - Lars Eller is hit by Matthew Tkachuk.
11:55 of 2nd period - Icing by Roman Polak.
11:56 of 2nd period - Phillip Danault wins face-off versus Sebastian Aho in SPOKANE KNIGHTS zone.
12:03 of 2nd period - Shot by Tomas Hertl.
12:03 of 2nd period - Shot Blocked by Roman Polak.
12:09 of 2nd period - Shot by Tomas Hertl.
12:09 of 2nd period - Stopped by Matthew Murray without a rebound.
12:10 of 2nd period - Patrice Bergeron wins face-off versus Luke Glendening in SPOKANE KNIGHTS zone.
12:15 of 2nd period - Shot by Patrice Bergeron.
12:15 of 2nd period - Shot Misses the Net.
13:06 of 2nd period - Minor Penalty to Gabriel Bourque for High sticking.
13:06 of 2nd period - Minor Penalty to Luke Glendening for Delaying the game.
13:07 of 2nd period - Sebastian Aho wins face-off versus Lars Eller in neutral zone.
13:18 of 2nd period - Shot by Leon Draisaitl.
13:18 of 2nd period - Shot Blocked by Roman Polak.
13:20 of 2nd period - Shot by Devon Toews.
13:20 of 2nd period - Deflect By Leon Draisaitl.
13:20 of 2nd period - Stopped by Matthew Murray with a rebound.
13:22 of 2nd period - Shot by Zach Bogosian.
13:22 of 2nd period - Stopped by Matthew Murray without a rebound.
13:23 of 2nd period - Phillip Danault wins face-off versus Sebastian Aho in SPOKANE KNIGHTS zone.
13:37 of 2nd period - Icing by Victor Hedman.
13:38 of 2nd period - Sebastian Aho wins face-off versus Leon Draisaitl in SPOKANE KNIGHTS zone.
13:52 of 2nd period - Off-side.
13:53 of 2nd period - Patrice Bergeron wins face-off versus Phillip Danault in neutral zone.
14:04 of 2nd period - Shot by Tomas Hertl.
14:04 of 2nd period - Stopped by Matthew Murray without a rebound.
14:05 of 2nd period - Lars Eller wins face-off versus Patrice Bergeron in SPOKANE KNIGHTS zone.
14:10 of 2nd period - Shot by Lars Eller.
14:10 of 2nd period - Stopped by Matthew Murray with a rebound.
14:36 of 2nd period - Shot by Patrice Bergeron.
14:36 of 2nd period - Shot Misses the Net.
14:38 of 2nd period - Shot by Blake Wheeler.
14:38 of 2nd period - Deflect By Patrice Bergeron.
14:38 of 2nd period - Shot Blocked by Zach Bogosian.
14:46 of 2nd period - Shot by Patrice Bergeron.
14:46 of 2nd period - Stopped by Darcy Kuemper without a rebound.
14:47 of 2nd period - Phillip Danault wins face-off versus Sebastian Aho in COLORADO GLACIERCATS zone.
15:15 of 2nd period - Luke Glendening is hit by Dan Hamhuis and loses puck.
15:30 of 2nd period - Icing by Brent Seabrook.
15:31 of 2nd period - Lars Eller wins face-off versus Garnet Hathaway in SPOKANE KNIGHTS zone.
15:51 of 2nd period - Shot by Tyler Pitlick.
15:51 of 2nd period - Shot Blocked by Ryan Ellis.
16:17 of 2nd period - Off-side.
16:18 of 2nd period - Phillip Danault wins face-off versus Sebastian Aho in neutral zone.
16:18 of 2nd period - Phillip Danault is hit by Matthew Tkachuk.
16:26 of 2nd period - Victor Hedman is hit by Phillip Danault and loses puck.
16:32 of 2nd period - Leon Draisaitl is hit by Kristopher Letang and loses puck.
16:55 of 2nd period - Shot by Leon Draisaitl.
16:55 of 2nd period - Stopped by Matthew Murray without a rebound.
16:56 of 2nd period - Luke Glendening wins face-off versus Patrice Bergeron in SPOKANE KNIGHTS zone.
16:59 of 2nd period - Shot by Joonas Donskoi.
16:59 of 2nd period - Shot Misses the Net.
17:01 of 2nd period - Shot by Luke Glendening.
17:01 of 2nd period - Stopped by Matthew Murray with a rebound.
17:03 of 2nd period - Shot by Nathan Beaulieu.
17:03 of 2nd period - Stopped by Matthew Murray without a rebound.
17:04 of 2nd period - Patrice Bergeron wins face-off versus Lars Eller in SPOKANE KNIGHTS zone.
18:54 of 2nd period - Off-side.
18:55 of 2nd period - Sebastian Aho wins face-off versus Luke Glendening in neutral zone.
19:07 of 2nd period - Icing by Zach Bogosian.
19:08 of 2nd period - Nick Foligno wins face-off versus Luke Glendening in COLORADO GLACIERCATS zone.
Goals for this period are 0 for COLORADO GLACIERCATS vs 0 for SPOKANE KNIGHTS.
Shots for this period are 9 for COLORADO GLACIERCATS vs 3 for SPOKANE KNIGHTS.

3rd period


0:01 of 3rd period - Sebastian Aho wins face-off versus Phillip Danault in neutral zone.
0:19 of 3rd period - Shot by Phillip Danault.
0:19 of 3rd period - Shot Misses the Net.
0:27 of 3rd period - Shot by Leon Draisaitl.
0:27 of 3rd period - Shot Misses the Net.
1:13 of 3rd period - Shot by Lars Eller.
1:13 of 3rd period - Shot Misses the Net.
1:23 of 3rd period - Shot by Patrice Bergeron.
1:23 of 3rd period - Shot Blocked by Joel Edmundson.
1:25 of 3rd period - Shot by Roman Polak.
1:25 of 3rd period - Stopped by Darcy Kuemper without a rebound.
1:26 of 3rd period - Nick Foligno wins face-off versus Sam Gagner in COLORADO GLACIERCATS zone.
1:26 of 3rd period - Tyler Pitlick is hit by Ilya Lyubushkin and loses puck.
1:32 of 3rd period - Brent Seabrook is hit by Ilya Lyubushkin.
1:43 of 3rd period - Zach Aston-Reese is hit by Brent Seabrook and loses puck.
1:46 of 3rd period - Shot by Sam Gagner.
1:46 of 3rd period - Stopped by Matthew Murray without a rebound.
1:47 of 3rd period - Patrice Bergeron wins face-off versus Alex Iafallo in SPOKANE KNIGHTS zone.
1:49 of 3rd period - Minor Penalty to Lars Eller for Tripping.
1:50 of 3rd period - Leon Draisaitl wins face-off versus Sebastian Aho in COLORADO GLACIERCATS zone.
2:35 of 3rd period - Shot by Matthew Tkachuk.
2:35 of 3rd period - Stopped by Darcy Kuemper without a rebound.
2:36 of 3rd period - Leon Draisaitl wins face-off versus Patrice Bergeron in COLORADO GLACIERCATS zone.
2:36 of 3rd period - Leon Draisaitl is hit by Valeri Nichushkin.
2:49 of 3rd period - Off-side.
2:50 of 3rd period - Patrice Bergeron wins face-off versus Leon Draisaitl in neutral zone.
3:09 of 3rd period - Shot by Blake Wheeler.
3:09 of 3rd period - Stopped by Darcy Kuemper without a rebound.
3:10 of 3rd period - Leon Draisaitl wins face-off versus Sebastian Aho in COLORADO GLACIERCATS zone.
3:43 of 3rd period - Shot by Patrick Kane.
3:43 of 3rd period - Shot Misses the Net.
3:45 of 3rd period - Shot by Matthew Tkachuk.
3:45 of 3rd period - Shot Blocked by Nathan Beaulieu.
3:47 of 3rd period - Shot by Victor Hedman.
3:47 of 3rd period - Shot Hit the Post.
3:49 of 3rd period - Shot by Matthew Tkachuk.
3:49 of 3rd period - Stopped by Darcy Kuemper without a rebound.
3:50 of 3rd period - Patrice Bergeron wins face-off versus Lars Eller in COLORADO GLACIERCATS zone.
4:15 of 3rd period - Minor Penalty to Ilya Lyubushkin for Cross-checking.
4:16 of 3rd period - Sebastian Aho wins face-off versus Phillip Danault in COLORADO GLACIERCATS zone.
4:23 of 3rd period - Shot by Victor Hedman.
4:23 of 3rd period - Stopped by Darcy Kuemper without a rebound.
4:24 of 3rd period - Lars Eller wins face-off versus Sebastian Aho in COLORADO GLACIERCATS zone.
4:35 of 3rd period - Shot by Victor Hedman.
4:35 of 3rd period - Shot Blocked by Joel Edmundson.
5:01 of 3rd period - Shot by Patrick Kane.
5:01 of 3rd period - Shot Blocked by Ryan Ellis.
5:03 of 3rd period - Shot by Patrick Kane.
5:03 of 3rd period - Stopped by Darcy Kuemper without a rebound.
5:04 of 3rd period - Luke Glendening wins face-off versus Patrice Bergeron in COLORADO GLACIERCATS zone.
5:04 of 3rd period - Luke Glendening is hit by Blake Wheeler.
6:44 of 3rd period - Shot by Tyler Pitlick.
6:44 of 3rd period - Shot Blocked by Ilya Lyubushkin.
6:47 of 3rd period - Icing by Jordan Martinook.
6:48 of 3rd period - Sebastian Aho wins face-off versus Sam Gagner in COLORADO GLACIERCATS zone.
7:05 of 3rd period - Shot by Sebastian Aho.
7:05 of 3rd period - Shot Misses the Net.
7:23 of 3rd period - Shot by Patrick Kane.
7:23 of 3rd period - Shot Blocked by Lars Eller.
7:29 of 3rd period - Shot by Patrick Kane.
7:29 of 3rd period - Stopped by Darcy Kuemper with a rebound.
7:55 of 3rd period - Shot by Alex Iafallo.
7:55 of 3rd period - Shot Misses the Net.
7:59 of 3rd period - Shot by Lars Eller.
7:59 of 3rd period - Stopped by Matthew Murray without a rebound.
8:00 of 3rd period - Phillip Danault wins face-off versus Nick Foligno in SPOKANE KNIGHTS zone.
8:04 of 3rd period - Icing by Brent Seabrook.
8:05 of 3rd period - Phillip Danault wins face-off versus Nick Foligno in SPOKANE KNIGHTS zone.
8:16 of 3rd period - Shot by Leon Draisaitl.
8:16 of 3rd period - Shot Blocked by Dan Hamhuis.
8:30 of 3rd period - Shot by Tyler Pitlick.
8:30 of 3rd period - Deflect By Nick Foligno.
8:30 of 3rd period - Stopped by Darcy Kuemper with a rebound.
8:38 of 3rd period - Shot by Garnet Hathaway.
8:38 of 3rd period - Stopped by Darcy Kuemper without a rebound.
8:39 of 3rd period - Sebastian Aho wins face-off versus Lars Eller in COLORADO GLACIERCATS zone.
8:58 of 3rd period - Shot by Lars Eller.
8:58 of 3rd period - Stopped by Matthew Murray without a rebound.
8:59 of 3rd period - Luke Glendening wins face-off versus Patrice Bergeron in SPOKANE KNIGHTS zone.
9:34 of 3rd period - Shot by Patrice Bergeron.
9:34 of 3rd period - Deflect By Blake Wheeler.
9:34 of 3rd period - Stopped by Darcy Kuemper without a rebound.
9:35 of 3rd period - Phillip Danault wins face-off versus Sebastian Aho in COLORADO GLACIERCATS zone.
9:51 of 3rd period - Icing by Victor Hedman.
9:52 of 3rd period - Lars Eller wins face-off versus Sebastian Aho in SPOKANE KNIGHTS zone.
10:01 of 3rd period - Shot by Lars Eller.
10:01 of 3rd period - Shot Blocked by Kristopher Letang.
10:03 of 3rd period - Shot by Lars Eller.
10:03 of 3rd period - Stopped by Matthew Murray without a rebound.
10:04 of 3rd period - Patrice Bergeron wins face-off versus Phillip Danault in SPOKANE KNIGHTS zone.
10:32 of 3rd period - Shot by Leon Draisaitl.
10:32 of 3rd period - Stopped by Matthew Murray with a rebound.
10:34 of 3rd period - Shot by Tomas Hertl.
10:34 of 3rd period - Shot Misses the Net.
10:36 of 3rd period - Shot by Phillip Danault.
10:36 of 3rd period - Stopped by Matthew Murray without a rebound.
10:37 of 3rd period - Sebastian Aho wins face-off versus Lars Eller in SPOKANE KNIGHTS zone.
11:22 of 3rd period - Shot by Brayden Schenn.
11:22 of 3rd period - Shot Misses the Net.
11:34 of 3rd period - Shot by Leon Draisaitl.
11:34 of 3rd period - Stopped by Matthew Murray without a rebound.
11:35 of 3rd period - Phillip Danault wins face-off versus Patrice Bergeron in SPOKANE KNIGHTS zone.
11:42 of 3rd period - Shot by Tomas Hertl.
11:42 of 3rd period - Stopped by Matthew Murray without a rebound.
11:43 of 3rd period - Patrice Bergeron wins face-off versus Phillip Danault in SPOKANE KNIGHTS zone.
12:15 of 3rd period - Icing by Ryan Ellis.
12:16 of 3rd period - Phillip Danault wins face-off versus Nick Foligno in COLORADO GLACIERCATS zone.
12:27 of 3rd period - Shot by Leon Draisaitl.
12:27 of 3rd period - Stopped by Matthew Murray with a rebound.
12:29 of 3rd period - Shot by Ryan Ellis.
12:29 of 3rd period - Stopped by Matthew Murray without a rebound.
12:30 of 3rd period - Lars Eller wins face-off versus Matthew Tkachuk in SPOKANE KNIGHTS zone.
13:28 of 3rd period - Off-side.
13:29 of 3rd period - Phillip Danault wins face-off versus Patrice Bergeron in neutral zone.
14:54 of 3rd period - Shot by Brayden Schenn.
14:54 of 3rd period - Shot Misses the Net.
15:10 of 3rd period - Shot by Brayden Schenn.
15:10 of 3rd period - Shot Blocked by Brent Seabrook.
15:35 of 3rd period - Off-side.
15:36 of 3rd period - Sebastian Aho wins face-off versus Luke Glendening in neutral zone.
15:50 of 3rd period - Shot by Sebastian Aho.
15:50 of 3rd period - Stopped by Darcy Kuemper without a rebound.
15:51 of 3rd period - Valeri Nichushkin wins face-off versus Sam Gagner in COLORADO GLACIERCATS zone.
16:08 of 3rd period - Shot by Patrice Bergeron.
16:08 of 3rd period - Shot Misses the Net.
16:15 of 3rd period - Off-side.
16:16 of 3rd period - Lars Eller wins face-off versus Sebastian Aho in neutral zone.
16:19 of 3rd period - Shot by Lars Eller.
16:19 of 3rd period - Shot Blocked by Kristopher Letang.
16:21 of 3rd period - Shot by Lars Eller.
16:21 of 3rd period - Shot Misses the Net.
16:47 of 3rd period - Shot by Sebastian Aho.
16:47 of 3rd period - Stopped by Darcy Kuemper without a rebound.
16:48 of 3rd period - Phillip Danault wins face-off versus Nick Foligno in COLORADO GLACIERCATS zone.
16:48 of 3rd period - Tomas Hertl is hit by Nick Foligno and loses puck.
17:01 of 3rd period - Shot by Leon Draisaitl.
17:01 of 3rd period - Stopped by Matthew Murray without a rebound.
17:02 of 3rd period - Patrice Bergeron wins face-off versus Luke Glendening in SPOKANE KNIGHTS zone.
17:22 of 3rd period - Shot by Joonas Donskoi.
17:22 of 3rd period - Stopped by Matthew Murray with a rebound.
17:29 of 3rd period - Off-side.
17:30 of 3rd period - Sebastian Aho wins face-off versus Phillip Danault in neutral zone.
18:14 of 3rd period - Off-side.
18:15 of 3rd period - Nick Foligno wins face-off versus Lars Eller in neutral zone.
18:39 of 3rd period - Shot by Nick Foligno.
18:39 of 3rd period - Shot Blocked by Ryan Ellis.
19:13 of 3rd period - Shot by Blake Wheeler.
19:13 of 3rd period - Stopped by Darcy Kuemper without a rebound.
19:14 of 3rd period - Sebastian Aho wins face-off versus Phillip Danault in COLORADO GLACIERCATS zone.
19:14 of 3rd period - Sebastian Aho is hit by Ilya Lyubushkin.
Goals for this period are 0 for COLORADO GLACIERCATS vs 0 for SPOKANE KNIGHTS.
Shots for this period are 12 for COLORADO GLACIERCATS vs 13 for SPOKANE KNIGHTS.


SEBASTIAN
AHO
MARK
SCHEIFELE
JAKE
OETTINGER

EAST COAST

HOCKEY LEAGUE

  • 17.QUE3CHI2
  • 18.CHA2LIM4
  • 19.TRV3LON2
  • 20.CHW1BAL2
  • 21.PITMAN
  • 22.ATLNHW
  • 23.WORPET
  • 24.RHI